Map: Simulacrum LE

Players

antagomiR

  • Race: Protoss Protoss
  • League: Gold
  • Spawn Location: 5:00

Ale - Winner!

  • Race: Zerg Zerg
  • League: Gold
  • Spawn Location: 11:00

VOD

Have the link to the VOD?

Description

Time

  • Played on: April 18, 2020, 4:37 p.m.
  • Length: 8:10
Show
View Real Time Build Order
Export as new Build Order

antagomiR Protoss 

Build Orders:  

Get SALT Encoding   

  12  0:18  Pylon  
  12  0:22  Probe  
  13  0:34  Probe  
  14  0:39  Gateway  
  14  0:46  Probe (Chrono Boost)  
  16  0:59  Probe (Chrono Boost)  
  16  1:00  Assimilator  
  16  1:04  Probe (Chrono Boost)  
  16  1:06  Assimilator  
  17  1:14  Probe  
  18  1:26  Probe  
  19  1:33  Cybernetics Core  
  19  1:41  Gateway  
  19  1:51  Gateway  
  19  1:52  Zealot (Chrono Boost)  
  19  1:57  Probe  
  22  2:01  Pylon  
  22  2:09  Probe  
  22  2:12  Pylon  
  23  2:20  Stalker (Chrono Boost)  
  22  2:34  Gateway  
  22  2:55  Stalker  
  24  3:01  Pylon  
  24  3:25  Stalker  
  28  3:29  Stalker  
  28  3:32  Probe  
  31  3:41  Robotics Facility  
  29  3:59  Gateway  
  29  4:12  Pylon  
  29  4:21  Nexus  
  29  4:30  Robotics Facility  
  29  4:33  Sentry (Chrono Boost)  
  29  4:34  Sentry (Chrono Boost)  
  33  4:44  Warp Gate  
  33  4:50  Stalker (Chrono Boost)  
  35  4:57  Stargate  
  35  5:03  Stargate  
  31  5:46  Stalker x3  
  26  6:12  Probe x2  
  26  6:16  Stalker  
  26  6:23  Stalker  
  26  6:24  Probe  
  25  6:40  Stalker  
  18  7:16  Stalker  
  12  7:39  Stalker  
Show
View Real Time Build Order
Export as new Build Order

Ale Zerg - Winner!

Build Orders: Pool First 

Get SALT Encoding   

  12  0:02  Drone  
  13  0:08  Drone  
  14  0:28  Spawning Pool  
  13  0:29  Drone  
  14  0:38  Overlord  
  14  0:43  Extractor  
  14  0:44  Drone  
  14  1:15  Zergling x4  
  14  1:16  Zergling x2  
  17  1:33  Drone  
  17  1:35  Hatchery  
  17  1:38  Drone  
  18  1:51  Drone  
  19  2:01  Zergling x2  
  19  2:33  Zergling x4  
  19  2:34  Zergling x2, Metabolic Boost  
  19  2:36  Lair  
  19  3:28  Roach Warren  
  18  3:35  Hatchery  
  18  3:40  Hatchery, Drone x3  
  19  3:44  Drone x3  
  19  4:08  Zergling x4  
  21  4:17  Nydus Network  
  21  4:19  Zergling x2  
  21  4:20  Zergling x4  
  23  4:29  Zergling x2  
  23  4:30  Zergling x2  
  25  4:33  Zergling x2  
  26  4:40  Spine Crawler  
  26  4:42  Roach  
  27  4:48  Roach  
  27  4:51  Roach  
  31  5:04  Zergling x2  
  31  5:05  Zergling x2  
  33  5:13  Nydus Canal  
  32  6:01  Zergling x2  
  32  6:02  Zergling x14  
  26  6:42  Zergling x14  
  26  6:43  Zergling x4  
  30  7:19  Roach  
  30  7:20  Overlord x5  
  30  7:21  Overlord  
Tags
 
League
GoldGold
Matchup
PvZ
Opening
Pool First
Replay Pack
20200422
Spawn Locations
Cross Positions
Add a new tag
Caveats
  • Supply blocks, unpowered buildings, or Contaminate may cause inaccurate times.
  • Supply counts are checked every 10 seconds.